Map: Thunderbird LE

Players

TUMAMA

  • Race: Zerg Zerg
  • League: Gold
  • Spawn Location: 5:00

ChOkO - Winner!

  • Race: Zerg Zerg
  • League: Gold
  • Spawn Location: 11:00

VOD

Have the link to the VOD?

Description

Time

  • Played on: Aug. 2, 2019, 11:32 p.m.
  • Length: 19:42
Show
View Real Time Build Order
Export as new Build Order

TUMAMA Zerg 

Build Orders: Pool First, Muta Ling Bane 

Get SALT Encoding   

  12  0:02  Drone  
  13  0:24  Spawning Pool  
  12  0:30  Overlord  
  12  0:36  Drone  
  12  0:39  Drone  
  14  0:51  Drone  
  15  1:13  Zergling x4  
  15  1:14  Zergling x2  
  18  1:42  Hatchery  
  17  1:54  Extractor  
  16  1:56  Drone  
  16  1:57  Drone x2  
  16  1:58  Queen  
  21  2:13  Drone  
  22  2:18  Roach Warren  
  21  2:25  Drone  
  22  2:38  Overlord  
  22  2:59  Drone  
  23  3:07  Roach x3  
  23  3:09  Roach  
  31  3:25  Queen  
  33  3:27  Spine Crawler  
  33  3:28  Roach x2  
  36  3:39  Overlord  
  36  3:48  Baneling Nest  
  36  3:51  Extractor  
  36  3:53  Drone  
  36  3:54  Drone  
  36  4:25  Overlord  
  36  4:26  Overlord  
  36  4:35  Baneling x6  
  36  4:43  Queen  
  38  4:47  Drone x5  
  43  4:54  Drone x4  
  47  5:01  Ravager  
  47  5:04  Ravager  
  49  5:25  Lair  
  49  5:54  Drone x3  
  52  6:07  Hatchery  
  52  6:10  Drone  
  52  6:11  Overlord x2  
  52  6:32  Evolution Chamber  
  51  6:38  Evolution Chamber  
  50  6:42  Spine Crawler  
  50  6:46  Spine Crawler  
  48  6:49  Spine Crawler  
  47  6:54  Drone  
  47  6:55  Drone x15  
  63  7:04  Spire  
  62  7:16  Extractor  
  62  7:18  Extractor  
  62  7:19  Overseer  
  60  7:23  Zerg Melee Weapons Level 1  
  60  7:25  Drone  
  60  7:26  Queen  
  63  7:32  Pneumatized Carapace  
  63  7:39  Drone  
  64  7:47  Zergling x4  
  64  7:48  Zergling x14  
  64  7:49  Zergling x2  
  74  8:05  Glial Reconstitution  
  74  8:07  Spore Crawler  
  74  8:08  Centrifical Hooks  
  73  8:16  Drone  
  74  8:22  Overlord x3  
  74  8:25  Baneling x5  
  74  8:26  Baneling x7  
  74  8:40  Extractor  
  73  8:52  Nydus Network  
  72  8:58  Zerg Missile Weapons Level 1  
  72  9:00  Baneling  
  72  9:01  Baneling x6  
  72  9:09  Mutalisk  
  74  9:16  Extractor  
  73  9:20  Spore Crawler  
  72  9:27  Zergling x2  
  72  9:28  Zergling x24  
  85  9:48  Nydus Canal  
  85  9:58  Drone x9  
  85  9:59  Drone x3  
  97  10:05  Drone  
  98  10:07  Overlord x2  
  98  10:16  Metabolic Boost  
  98  10:36  Nydus Canal  
  98  10:54  Nydus Canal  
  98  11:01  Nydus Canal  
  98  11:19  Nydus Canal  
  98  11:26  Mutalisk x5  
  98  11:27  Mutalisk x3  
  114  11:33  Overlord x2  
  114  11:34  Overlord x2  
  106  12:04  Nydus Canal  
  106  12:10  Mutalisk  
  106  12:11  Mutalisk  
  106  12:12  Mutalisk x11  
  132  12:40  Hatchery  
  132  12:41  Drone  
  132  12:42  Drone  
  132  12:43  Drone x2  
  132  12:44  Drone x2  
  137  13:27  Zergling x2  
  137  13:29  Overlord x3  
  137  13:30  Overlord  
  115  13:54  Zergling x14  
  83  14:14  Spawning Pool  
  81  14:18  Overseer  
  77  14:26  Overseer  
  77  15:11  Overseer  
  77  15:22  Drone x3  
  77  15:25  Extractor  
  79  15:28  Extractor  
  78  15:41  Zergling x6  
  67  16:13  Queen, Drone x2  
  67  16:15  Baneling Nest  
  70  16:18  Hatchery  
  70  16:22  Drone  
  70  16:32  Drone x3  
  73  16:33  Queen  
  75  16:47  Hatchery  
  75  16:50  Hatchery  
  73  16:56  Zergling x10  
  78  17:12  Baneling x2  
  78  17:31  Baneling x4  
  78  17:42  Nydus Canal  
  78  17:45  Zergling x2  
  78  17:46  Zergling x20  
  89  17:52  Queen  
  89  17:53  Drone  
  92  18:00  Queen  
  86  18:24  Spire  
  85  18:28  Infestation Pit, Drone x3  
  85  18:31  Drone x3  
  83  18:56  Baneling x5  
  83  18:57  Baneling x5  
  83  18:58  Baneling  
  80  19:11  Baneling  
  80  19:12  Baneling x4  
  80  19:20  Drone  
Show
View Real Time Build Order
Export as new Build Order

ChOkO Zerg - Winner!

Build Orders: Hatch First 

Get SALT Encoding   

  12  0:01  Drone  
  13  0:13  Overlord  
  13  0:18  Drone  
  14  0:33  Drone x2  
  16  0:41  Drone  
  17  0:58  Hatchery  
  17  1:03  Extractor  
  15  1:04  Drone  
  16  1:17  Spawning Pool  
  15  2:04  Zergling x6  
  15  2:05  Queen  
  20  2:12  Zergling x2, Spine Crawler  
  20  2:19  Baneling Nest  
  19  2:27  Metabolic Boost  
  19  2:29  Zergling x2  
  20  2:30  Zergling x2  
  21  2:39  Zergling x2  
  22  2:57  Zergling x4  
  22  2:58  Queen  
  26  3:18  Drone x2  
  26  3:19  Overlord  
  27  3:41  Roach Warren  
  27  3:47  Zergling x4  
  27  3:48  Zergling x4  
  30  4:02  Baneling x4  
  30  4:07  Overlord  
  30  4:25  Overlord  
  30  4:35  Roach  
  30  4:36  Roach x2  
  36  4:47  Roach  
  36  4:49  Drone  
  39  5:01  Roach x2  
  43  5:11  Drone x2  
  45  5:16  Ravager  
  45  5:17  Ravager  
  47  5:27  Overlord  
  47  5:43  Overlord x2  
  47  5:59  Lair  
  47  6:01  Drone x2  
  49  6:05  Extractor  
  48  6:16  Evolution Chamber  
  47  6:19  Ravager  
  48  6:28  Drone x4  
  48  6:30  Drone  
  53  6:41  Roach  
  53  6:42  Roach  
  53  6:46  Drone  
  58  6:57  Glial Reconstitution  
  58  7:00  Roach  
  60  7:01  Drone  
  60  7:08  Zerg Missile Weapons Level 1  
  61  7:21  Overlord x2  
  61  7:22  Drone  
  62  7:25  Drone  
  62  7:28  Drone  
  64  7:31  Drone  
  64  7:36  Overseer  
  65  7:39  Drone  
  65  7:40  Drone  
  67  7:45  Pneumatized Carapace  
  67  7:49  Drone  
  67  7:50  Drone  
  69  8:05  Overlord  
  69  8:06  Drone x5  
  69  8:10  Extractor  
  69  8:11  Extractor, Roach  
  74  8:25  Drone x2  
  76  8:28  Roach x3  
  82  8:42  Roach  
  82  8:43  Roach x3  
  82  8:47  Roach  
  91  9:12  Zerg Ground Armor Level 1  
  91  9:14  Evolution Chamber  
  90  9:35  Overlord  
  90  9:36  Overlord  
  90  9:47  Hatchery  
  89  9:56  Overlord, Drone x6  
  89  9:57  Overlord  
  95  10:00  Baneling x7  
  95  10:20  Roach x6  
  95  10:21  Roach x2, Zerg Missile Weapons Level 2  
  111  10:45  Overlord x2  
  111  10:46  Roach x2  
  113  11:15  Roach x3  
  113  11:16  Zerg Ground Armor Level 2, Roach x2  
  123  11:27  Infestation Pit  
  123  11:29  Drone  
  123  11:30  Drone x7  
  123  11:31  Drone x2  
  124  12:17  Zergling x6  
  124  12:18  Zergling x4, Drone  
  124  12:19  Queen, Drone x3  
  124  12:22  Extractor  
  134  12:27  Overlord x2  
  134  12:28  Overlord  
  134  12:29  Extractor, Roach x2  
  137  12:33  Burrow  
  137  12:37  Hatchery  
  136  12:51  Zergling x6  
  139  12:54  Roach  
  141  13:14  Hydralisk Den  
  121  13:49  Hydralisk x5  
  121  13:50  Hydralisk x7  
  121  13:51  Hydralisk x3  
  121  13:53  Muscular Augments  
  128  13:56  Roach x7  
  128  13:57  Roach  
  128  13:59  Hydralisk x3  
  128  14:00  Hydralisk x2, Roach  
  130  14:07  Roach x5  
  128  14:28  Roach  
  128  14:29  Roach x7  
  128  14:30  Roach x3  
  150  14:35  Hydralisk x2  
  150  14:36  Hydralisk x2  
  144  14:39  Queen  
  144  14:50  Queen  
  144  14:51  Spore Crawler x2, Overlord  
  144  14:52  Overlord  
  144  14:54  Spine Crawler x2  
  144  14:56  Spore Crawler x3  
  144  14:57  Spore Crawler  
  134  15:08  Hydralisk x6  
  134  15:09  Hydralisk x3  
  134  15:11  Grooved Spines  
  146  15:17  Infestor  
  148  15:26  Queen  
  148  15:31  Hydralisk x24  
  146  15:37  Overlord x3  
  146  15:38  Overlord  
  146  15:49  Overlord x2  
  144  16:19  Zergling x10, Roach x4  
  144  16:20  Zergling x2  
  144  16:23  Infestor  
  160  16:27  Pathogen Glands  
  160  16:44  Baneling x4  
  160  16:45  Baneling x2  
  160  16:52  Zerg Melee Weapons Level 1, Overlord  
  160  16:53  Overlord  
  160  17:33  Overlord x2  
  160  17:37  Hydralisk x3  
  166  17:52  Overlord x3  
  166  17:54  Hydralisk x2  
  166  17:55  Roach x3  
  174  18:11  Hydralisk x6  
  186  18:21  Zergling x4, Roach x2  
  186  18:23  Overlord x3  
  192  18:37  Baneling x3  
  192  18:49  Infestor x2  
  195  18:57  Baneling x4  
  195  19:03  Overlord x3  
  169  19:36  Hatchery  
  169  19:37  Extractor  
  165  19:40  Extractor  
Tags
 
Composition
Muta Ling Bane
League
GoldGold
Matchup
ZvZ
Race
Zerg
Spawn Locations
Cross Positions
Add a new tag
Caveats
  • Supply blocks, unpowered buildings, or Contaminate may cause inaccurate times.
  • Supply counts are checked every 10 seconds.